 Dungeon Crawl Stone Soup version 0.29-a0-824-gd827844252 (webtiles) character file.

Game seed: 555284714156118686

68 Malachi the Insei (level 4, -5/28 HPs)
             Began as an Octopode Transmuter on July 9, 2022.
             Slain by Terence
             ... wielding a +4 mace of distortion
              (6 damage)
             ... on level 2 of the Dungeon.
             The game lasted 00:02:09 (2070 turns).

Malachi the Insei (Octopode Transmuter)             Turns: 2070, Time: 00:02:09

Health: -5/28      AC:  1    Str:  9    XL:     4   Next: 19%
Magic:  16/16      EV: 13    Int: 17    God:
Gold:   106        SH:  0    Dex: 12    Spells: 6/7 levels left

rFire   . . .      SeeInvis .     - Unarmed
rCold   . . .      Faith    .   (no shield)
rNeg    . . .      Spirit   .   (helmet restricted)
rPois   .          Reflect  .   (no amulet)
rElec   .          Harm     .   c - ring of magical power
rCorr   .          Rampage  .   (no ring)
Will    .....                   (no ring)
Stlth   ++........              (no ring)
HPRegen 0.09/turn               (no ring)
MPRegen 0.15/turn               (no ring)
                                (no ring)
                                (no ring)

@: no status effects
A: almost no armour, amphibious, 8 rings, camouflage 1, gelatinous body 1,
(nimble swimmer 1), tentacles
a: no special abilities


You were on level 2 of the Dungeon.
You visited 1 branch of the dungeon, and saw 2 of its levels.

You collected 106 gold pieces.

Inventory:

Jewellery
 c - a ring of magical power (left tentacle)
 e - an amulet of reflection
 f - a +6 ring of intelligence
Scrolls
 b - 4 scrolls of identify {unknown}
 g - 2 scrolls of teleportation {unknown}
 i - a scroll of blinking {unknown}
Potions
 a - a potion of lignification
 d - a potion of flight {unknown}
 h - a potion of curing {unknown}


   Skills:
 - Level 1.0 Fighting
 - Level 2.0 Dodging
 - Level 0.6 Stealth
 * Level 4.9 Unarmed Combat
 - Level 2.0 Spellcasting
 - Level 2.0 Transmutations


You had 6 spell levels left.
You knew the following spells:

 Your Spells              Type           Power      Damage    Failure   Level
a - Beastly Appendage     Tmut           16%        N/A       9%          1

Your spell library contained the following spells:

 Spells                   Type           Power      Damage    Failure   Level
 Wereblood                Tmut           8%         N/A       13%         2
 Spider Form              Tmut/Pois      5%         N/A       36%         3
 Ice Form                 Ice/Tmut       5%         N/A       77%         4


Dungeon Overview and Level Annotations

Branches:
Dungeon (2/15)

Altars:

Annotations:
D:2 Natasha, Terence


Innate Abilities, Weirdness & Mutations

You cannot wear most types of armour.
You are amphibious.
You can wear up to eight rings at the same time.
Your skin changes colour to match your surroundings (Stealth+).
Your rubbery body absorbs attacks. (AC +1, EV +1)
((You are camouflaged when in or above water. (Stealth+)))
You have tentacles for arms and can constrict up to eight enemies at once.


Message History

A worm is nearby!
Found a scroll labelled DONESTR TYOBB.
The worm barely misses you.
You tentacle-slap the worm. You grab the worm.
The worm is moderately wounded.
You constrict the worm. You bludgeon the worm!
You tentacle-slap the worm, but do no damage.
The worm is severely wounded.
You constrict the worm. The worm bites you.
You tentacle-slap the worm.
You kill the worm!
No target in view!
No target in view!
Terence the Incautious comes into view.
He is wielding a +4 mace of distortion.
Found a metallic yellow potion.
Natasha, Servant of Life and Death comes into view.
A hobgoblin comes into view.
Found a stone staircase leading down.
Terence shouts!
You hear an angry hiss.
You tentacle-slap Terence but do no damage.
You grab Terence.
You constrict Terence, but do no damage.
Terence misses you.
You tentacle-slap Terence but do no damage.
You squeeze Terence, but do no damage.
You constrict Terence, but do no damage.
Terence hits you with a +4 mace of distortion!
Space warps horribly around you!
Ouch! That really hurt!
* * * LOW HITPOINT WARNING * * *
Press: ? - help, v - describe, . - travel
Here: Terence, wielding a +4 mace of distortion and wearing a +0 chain mail (constricted by you)
The floor.
You tentacle-slap Terence but do no damage.
You squeeze Terence.
Terence is moderately wounded.
You constrict Terence, but do no damage.
Terence hits you with a +4 mace of distortion.
You die...

#....##.##.......#....
#....##.........##.##.
#...###.........##.##.
####.####.........##.##.
#...).............##.##.
#.##.##.##........##....
#.##.##.##........#####.
#.#...#.##......([# ..
#.##.##@###########
#.##.##@# # #......g####
.## ####.###.?.# ..>##
#.......#.....#
#####!......g..
##......... # ###.......
# # #.....# #.##


You could see Terence and a hobgoblin.

Vanquished Creatures
  Robin (D:2)
  2 worms (D:2)
  An orc (D:2)
  3 ball pythons
  3 bats
  2 endoplasms (D:1)
  4 giant cockroaches
  13 goblins
  4 hobgoblins (D:2)
  A quokka (D:2)
  A frilled lizard (D:1)
  5 kobolds
  4 rats
44 creatures vanquished.

Notes
Turn   | Place    | Note
-------+----------+-------------------------------------------
     0 | D:1      | Malachi the Octopode Transmuter began the quest for the
                  | Orb.
     0 | D:1      | Reached XP level 1. HP: 13/13 MP: 3/3
   202 | D:1      | Reached XP level 2. HP: 16/18 MP: 5/5
   338 | D:1      | Found a faded altar of an unknown god.
  1063 | D:2      | Noticed Robin
  1067 | D:2      | Reached skill level 4 in Unarmed Combat
  1068 | D:2      | Reached XP level 3. HP: 16/23 MP: 6/6
  1729 | D:2      | Killed Robin
  1845 | D:2      | Reached XP level 4. HP: 28/28 MP: 7/7
  2057 | D:2      | Noticed Terence
  2058 | D:2      | Noticed Natasha
  2069 | D:2      | HP: 1/28 [Terence/+4 mace of distortion (14)]
  2070 | D:2      | Slain by Terence

Illustrated notes

Levels and vault maps discovered:
D:1:      pf_arrival_petrified_forest, layout_basic,
          hellmonk_ecumenical_altar_defaced_shrine
D:2:      layout_loops_cross, minmay_heptomino_w4, uniq_robin, uniq_terence,
          uniq_natasha, uniq_crazy_yiuf_cottage

Skill      XL: |  1  2 |
---------------+-------+-----
Unarmed Combat | 4 |  4.9
Fighting       | |  1.0
Dodging        | |  2.0
Stealth        | |  0.6
Spellcasting   | |  2.0
Transmutations | |  2.0

Action                   |  1- 3 |  4- 6 || total
-------------------------+-------+-------++-------
Melee: Unarmed           |    67 |    16 ||    83
       Tentacles         |    16 |     2 ||    18
       Constrict         |    20 |     3 ||    23
       Punch             |     2 |     2 ||     4
 Cast: Beastly Appendage |     3 |       ||     3
 Stab: Sleeping          |     6 |     2 ||     8
Armor: Skin              |     6 |     2 ||     8
Dodge: Dodged            |    36 |     7 ||    43

Table legend: (Time is in decaauts)
 A = Elapsed time spent in this place.
 B = Non-inter-level travel time spent in this place.
 C = Inter-level travel time spent in this place.
 D = Time resting spent in this place.
 E = Time spent auto-exploring this place.
 F = Levels seen in this place.
 G = Mean time per level.
                   A        B        C        D        E       F      G
               +--------+--------+--------+--------+--------+-----+--------+
         Total |   2063 |   2009 |     54 |    458 |   1269 |   2 | 1031.5 |
       Dungeon |   2063 |   2009 |     54 |    458 |   1269 |   2 | 1031.5 |
               +--------+--------+--------+--------+--------+-----+--------+

Top non-repeatable levels by time:
     D:1: 1216 daAuts
     D:2: 847 daAuts
